 Dungeon Crawl Stone Soup version 0.31.0-11-ge490571c62 (webtiles) character file.

Game seed: 3671349779161113667

2299 Flugkiller the Fighter (level 9, -3/82 HPs)
             Began as a Minotaur Fighter on Jan 28, 2024.
             Was a Believer of Okawaru.
             Hit by a javelin thrown by a centaur (12 damage)
             ... in a bailey.
             The game lasted 00:03:43 (7148 turns).

Flugkiller the Fighter (Minotaur Fighter)           Turns: 7148, Time: 00:03:44

Health: -3/82      AC: 16    Str: 26    XL:     9   Next: 17%
Magic:  10/10      EV:  7    Int:  5    God:    Okawaru [**....]
Gold:   299        SH:  5    Dex:  9    Spells: 8/8 levels left

rFire   . . .        a - +0 war axe
rCold   + . .        l - +0 buckler
rNeg    . . .        u - +0 plate armour
rPois   .            (helmet restricted)
rElec   .            m - +0 cloak
rCorr   .            s - +0 pair of gloves
SInv    .            i - +0 pair of boots
Will    .....        (no amulet) Stlth
                     c - ring of protection from cold
HPRegen 0.33/turn    (no ring)
MPRegen 0.12/turn

%: no passive effects
@: invisible
A: horns 2, retaliatory headbutt
a: Renounce Religion, Heroism


You were in a bailey.
You worshipped Okawaru.
Okawaru was pleased with you.
You visited 2 branches of the dungeon, and saw 8 of its levels.
You also visited: Bailey.

You collected 299 gold pieces.

Inventory:

Hand Weapons
 a - a +0 war axe (weapon)
Armour
 b - a +0 scale mail
 i - a +0 pair of boots (worn)
   (You found it on level 1 of the Dungeon)
 l - a +0 buckler (worn)
 m - a +0 cloak (worn)
   (You took it off Crazy Yiuf on level 6 of the Dungeon)
 s - a +0 pair of gloves (worn)
   (You found it on level 5 of the Dungeon)
 u - a +0 plate armour (worn)
   (You found it on level 5 of the Dungeon)
Jewellery
 c - a ring of protection from cold (left hand)
   (You found it on level 1 of the Dungeon)
 e - a ring of flight
   (You found it on level 5 of the Dungeon)
Scrolls
 d - a scroll of fog
 f - a scroll of vulnerability
 g - 2 scrolls of revelation
 o - a scroll of poison {unknown}
 r - 2 scrolls of identify
 t - 2 scrolls of teleportation
Potions
 j - a potion of mutation {unknown}
 k - a potion of berserk rage {unknown}
 n - a potion of resistance
 p - a potion of attraction


   Skills:
 * Level 8.9 Fighting
 * Level 8.4 Axes
 + Level 6.8 Armour
 + Level 6.7 Shields
 + Level 3.4 Invocations


You had 8 spell levels left.
You didn't know any spells.
Your spell library contained the following spells:

 Spells                   Type           Power      Damage    Failure   Level
 Apportation              Tloc           0%         N/A       100%        1
 Necrotise                Necr           0%         1d4       100%        1
 Sting                    Conj/Alch      0%         1d3       100%        1
 Passage of Golubria      Tloc           0%         N/A       100%        4
 Vhi's Electric Charge    Tloc/Air       0%         N/A       100%        4
 Arcjolt                  Conj/Air       0%         1d10      100%        5
 Yara's Violent Unravell  Hex/Alch       0%         3d3       100%        5
 Maxwell's Capacitive Co  Air            0%         ∞         100%        8
 Summon Small Mammal      Summ           Unusable   N/A       N/A         1
 Tukima's Dance           Hex            Unusable   N/A       N/A         3

Dungeon Overview and Level Annotations

Branches:
Dungeon (7/15)             Temple (1/1) D:4          Bailey (1/1)

Altars:
Ashenzari
Elyvilon
Fedhas
Hepliaklqana
Kikubaaqudgha
Makhleb
Nemelex Xobeh
Okawaru
Qazlal
Ru
Trog
Uskayaw
Wu Jian
Xom
Zin
The Shining One

Shops:
D:3 (([[:


Innate Abilities, Weirdness & Mutations

You have a pair of horns on your head.
You reflexively headbutt those who attack you in melee.


Message History

You headbutt the centaur, but do no damage.
The centaur is lightly wounded.
You block the centaur's attack. The centaur barely misses you.
The orc hits you but does no damage. x2
The centaur hits you with a +0 trident. The centaur barely misses you.
You hit the centaur. You headbutt the centaur!
The centaur is severely wounded.
The centaur throws a javelin.
The javelin barely misses you. The orc closely misses you.
The centaur hits you but does no damage.
The centaur kicks you but does no damage.
The orc hits you but does no damage.
You hit the centaur but do no damage.
The centaur is severely wounded.
The centaur hits you but does no damage.
The centaur kicks you but does no damage.
The orc closely misses you.
The centaur hits you but does no damage.
The centaur kicks you but does no damage.
You block the orc's attack. The orc completely misses you.
You hit the centaur.
The centaur is severely wounded.
The centaur throws a javelin.
The javelin pierces through you. The centaur closely misses you.
The centaur barely misses you. You block the orc's attack.
The centaur barely misses you.
The centaur kicks you but does no damage.
The orc hits you from afar with a +4 spear.
* * * LOW HITPOINT WARNING * * *
You hit the centaur.
The centaur is almost dead.
The centaur hits you but does no damage.
You block the centaur's attack. The orc barely misses you.
The orc hits you but does no damage.
You are too injured to fight recklessly!
You hit the centaur but do no damage. You headbutt the centaur.
The centaur is almost dead.
The centaur hits you but does no damage.
The centaur kicks you but does no damage.
The orc closely misses you. The centaur hits you with a +0 trident.
* * * LOW HITPOINT WARNING * * *
The centaur kicks you but does no damage.
The orc hits you but does no damage.
You hit the centaur.
You kill the centaur!
Okawaru accepts your kill.
The orc hits you from afar with a +0 halberd.
* * * LOW HITPOINT WARNING * * *
The orc hits you from afar with a +4 spear!
* * * LOW HITPOINT WARNING * * *
You feel better.
The centaur throws a javelin.
The javelin barely misses you. The orc barely misses you.
The orc hits you but does no damage.
As you read the scroll of fog, it dissolves into smoke.
The orc closely misses you. The orc hits you but does no damage.
You feel better.
An orc comes into view. It is wielding a +0 spear.
The orc hits you but does no damage.
The orc hits you from afar with a +4 spear.
As you read the scroll of teleportation, it crumbles to dust.
You feel strangely unstable.
The orc shouts!
The centaur throws a javelin.
The javelin pierces through you!
* * * LOW HITPOINT WARNING * * *
You block the orc's attack. x2
Unknown command.
The orc hits you from afar with a +0 halberd.
* * * LOW HITPOINT WARNING * * *
The orc hits you but does no damage. The orc completely misses you.
Items here: $ ( ) [.
You slash the orc!
You kill the orc!
Okawaru accepts your kill.
Your surroundings suddenly seem different. 3 orc warriors, a centaur and 3 orcs come into view.
Found 3 scrolls of enchant armour and a runed scale mail.
The orc warrior shouts! x2; The orc shouts! x2; The centaur shouts!
The orc shouts!
You hear a shout!
The orc warrior hits you from afar with a +0 glaive.
* * * LOW HITPOINT WARNING * * *
An orc comes into view. It is wielding a +0 trident.
The orc warrior hits you but does no damage.
The orc warrior hits you from afar with a +0 glaive.
* * * LOW HITPOINT WARNING * * *
An orc warrior comes into view. It is wielding a +0 spear.
Unknown command.
Okay, then.
It was a potion of invisibility.
You fade into invisibility!
The orc warrior shouts!
You hear a shout!
A centaur comes into view. It is wielding a +0 halberd.
The orc warrior closely misses you. x2
Unknown command.
Okay, then.
A centaur comes into view. It is wielding a +0 halberd.
Found a manual of Armour.
The centaur shouts!
The orc warrior shouts!
The centaur shouts!
You hear a shout!
The centaur throws a javelin.
The javelin barely misses the orc warrior.
The javelin pierces through you!
You die...

o§≈..# §§≈≈.#
≈.≈.........
§§§§o##
≈≈....≈≈≈≈≈
§§§§≈c#
#####...≈≈≈~~~~
§§§§≈o#
+......≈≈≈~≈≈≈≈
....≈o#
+.....o≈≈≈~~?[:
.≈≈.≈.#
.....≈≈≈~≈≈≈≈
.≈.≈≈.#
#####...≈≈≈~~~~
≈≈.≈.##
#≈≈.≈≈.@o.≈≈≈≈≈
≈.≈≈.#
#≈≈≈.≈..o......
o≈≈..#
#≈≈≈.≈≈.o......
≈≈.⌠.#
#≈≈≈≈.≈...o.o..
....##
#≈≈≈≈.≈≈≈...o..
#≈≈≈≈≈.c≈≈≈....
#≈≈≈≈≈≈≈.o≈≈≈≈≈
##≈≈≈≈≈≈≈≈..c..
##≈≈≈≈≈≈≈≈≈≈≈


You could see 4 orc warriors, 2 centaurs and 4 orcs.

Vanquished Creatures
  Grinder (D:4)
  A shadow (D:6)
  A wyvern (D:6)
  A steam dragon (D:6)
  3 ogres
  A black bear (D:6)
  2 ice beasts
  2 centaurs
  A bullfrog (D:6)
  2 scorpions
  5 wights (D:6)
  A howler monkey (D:5)
  A jelly (D:5)
  Crazy Yiuf (D:6)
  A bombardier beetle (D:3)
  2 hounds
  2 iguanas (D:5)
  4 orc wizards
  3 gnolls (D:3)
  8 adders
  2 shadow imps
  3 white imps (D:5)
  5 dart slugs
  3 ribbon worms
  13 orcs
  4 bats
  9 endoplasms
  2 giant cockroaches
  2 goblins
  6 hobgoblins
  A jackal (D:2)
  4 kobolds
  4 quokkas
  5 ball pythons
  A frilled lizard (D:1)
  4 rats
111 creatures vanquished.

Vanquished Creatures (others)
  An orc (Bailey)
1 creature vanquished.

Grand Total: 112 creatures vanquished

Notes
Turn   | Place    | Note
-------+----------+-------------------------------------------
     0 | D:1      | Flugkiller the Minotaur Fighter began the quest for the
                  | Orb.
     0 | D:1      | Reached XP level 1. HP: 19/19 MP: 0/0
   181 | D:1      | Reached XP level 2. HP: 21/27 MP: 1/1
   902 | D:2      | Reached XP level 3. HP: 33/33 MP: 2/2
  1180 | D:2      | Reached XP level 4. HP: 41/41 MP: 3/3
  1989 | D:3      | Reached skill level 5 in Fighting
  1989 | D:3      | Reached XP level 5. HP: 48/48 MP: 4/4
  2267 | D:3      | Found Tuiro's Armour Boutique.
  2272 | D:3      | Found Tizyic's Weapon Shop.
  2353 | D:3      | Found Womumur's Antique Weapon Shop.
  2438 | D:3      | Found Wakkivad's Book Shop.
  2697 | D:3      | Found Agashroni's Armour Emporium.
  2891 | D:4      | Noticed Grinder
  2904 | D:4      | Killed Grinder
  2905 | D:4      | Reached skill level 5 in Axes
  2905 | D:4      | Reached XP level 6. HP: 35/57 MP: 5/5
  2989 | D:4      | Found a staircase to the Ecumenical Temple.
  3108 | D:5      | Entered Level 5 of the Dungeon
  3171 | D:5      | Reached skill level 5 in Shields
  3243 | Temple   | Entered the Ecumenical Temple
  3251 | Temple   | Became a worshipper of Warmaster Okawaru
  3361 | D:4      | Found a blossoming altar of Fedhas.
  3381 | D:4      | Reached skill level 5 in Armour
  3381 | D:4      | Reached XP level 7. HP: 61/64 MP: 6/6
  4213 | D:5      | Reached skill level 1 in Invocations
  5045 | D:5      | Reached * piety under Okawaru
  5191 | D:6      | Noticed a steam dragon
  5459 | D:5      | Reached XP level 8. HP: 62/73 MP: 8/8
  6128 | D:6      | Reached ** piety under Okawaru
  6172 | D:6      | HP: 2/74 [shadow (9)]
  6454 | D:6      | Found a runed translucent door.
  6455 | D:6      | Noticed Crazy Yiuf
  6646 | D:6      | Reached XP level 9. HP: 68/82 MP: 10/10
  7022 | D:6      | Killed Crazy Yiuf
  7097 | D:7      | Found a flagged portal.
  7106 | Bailey   | Entered a bailey
  7148 | Bailey   | Hit by a javelin thrown by a centaur

Illustrated notes

Levels and vault maps discovered:
D:1:      amcnicky_arrival_gap_in_the_tavern_cellar, layout_basic,
          minmay_misc_feat_tower
D:2:      wad_river_or_something, layout_loops_ring
D:3:      layout_basic, serial_shops, shop, nicolae_shop_real_fake_doors,
          nicolae_shop_stone, shop, nicolae_shop_hallway_plus
D:4:      layout_rooms, fedhas_altar_2, minmay_temple_entry_from_below_a,
          reono_crystal_passage, uniq_grinder
D:5:      minmay_bubble_buster, layout_layer_cave, hangedman_decor_opposing,
          kennysheep_generic_room_3
D:6:      layout_cave_pools, serial_column_ruins, column_ruins_open_tiny,
          column_ruins_columns_corner, column_ruins_corridor_dead_end,
          column_ruins_open_medium, column_ruins_corridor_straight,
          column_ruins_columns_straight, column_ruins_grid_3,
          uniq_crazy_yiuf_cottage
D:7:      layout_loops_corners, mainiacjoe_overflow_catch_the_wave,
          mainiacjoe_overflow_divided_tiny, enter_bailey_2, serial_shops, shop,
          chequers_big_river, chequers_serial_rivers_micro_d,
          nicolae_specific_store, amcnicky_mini_pool_medium
Temple:   hellmonk_temple_of_storms
Bailey:   bailey_polearm_flooded_kennysheep, bailey

Skill      XL: |  1  2  3  4  5  6  7  8 |
---------------+-------------------------+-----
Fighting       | 4 5 6 7 8 |  8.9
Axes           | 3 4 5 6 8 |  8.4
Shields        | 4 5 6 |  6.7
Armour         | 4 5 6 |  6.8
Invocations    | 1 3 |  3.4

Action                     |  1- 3 |  4- 6 |  7- 9 || total
---------------------------+-------+-------+-------++-------
  Melee: War axe           |    61 |   115 |   168 ||   344
         Headbutt          |    10 |    16 |    28 ||    54
    Use: Potion            |       |     2 |     8 ||    10
         Scroll            |       |     1 |     8 ||     9
 Armour: Scale mail        |    18 |       |       ||    18
         Chain mail        |    30 |    99 |    24 ||   153
         Plate armour      |       |       |   236 ||   236
  Dodge: Dodged            |    30 |    37 |    84 ||   151
  Block: Buckler           |    16 |    22 |    44 ||    82
